 Dungeon Crawl Stone Soup version 0.19.4 (webtiles) character file.

1369 Jerry the Slasher (level 8, -4/58 HPs)
             Began as a Mummy Monk on Jan 31, 2017.
             Slain by an iguana (9 damage)
             ... on level 5 of the Dungeon.
             The game lasted 00:23:24 (8091 turns).

Jerry the Slasher (Mummy Monk)                      Turns: 8091, Time: 00:23:25

Health: -4/58      AC:  8    Str: 15    XL:     8   Next: 38%
Magic:  8/8        EV: 10    Int:  9    God:
Gold:   89         SH:  0    Dex: 16    Spells: 0 memorised, 7 levels left

rFire  x . .     SeeInvis .     a - +1 falchion
rCold  + . .     Gourm    .     r - +0 scale mail
rNeg   + + +     Faith    .     (no shield)
rPois  ∞         Spirit   .     (no helmet)
rElec  .         Reflect  .     (no cloak)
rCorr  .         Harm     .     (no gloves)
MR     +....                    p - +0 pair of boots
Stlth  +.........               (no amulet)
                                (no ring)
                                (no ring)

@: no status effects
A: no food or potions, fire vulnerability, cold resistance 1, negative energy
resistance 3, torment resistance, unbreathing
a: no special abilities


You were on level 5 of the Dungeon.
You were not hungry.

You visited 1 branch of the dungeon, and saw 6 of its levels.

You collected 188 gold pieces.
You spent 99 gold pieces at shops.

Inventory:

Hand Weapons
 a - a +1 falchion (weapon)
Armour
 p - a +0 pair of boots (worn)
 r - a +0 scale mail (worn)
Wands
 l - a wand of lightning (10/15)
 q - a wand of paralysis (15/24)
Scrolls
 b - a scroll of identify
 c - 2 scrolls of amnesia
 d - 3 scrolls of recharging
 e - a scroll of enchant weapon
 f - 2 scrolls of fog
 h - a scroll of remove curse
 k - a scroll of immolation
Books
 m - a book of Misfortune

   Spells                             Type                      Level
   a - Confusing Touch                Hexes                        1
   b - Confuse                        Hexes                        3
   c - Gell's Gravitas                Hexes/Translocation          3
   d - Petrify                        Transmutation/Earth          4
   e - Metabolic Englaciation         Hexes/Ice                    5
   f - Yara's Violent Unravelling     Hexes/Transmutation          5


   Skills:
 - Level 3.0 Fighting
 + Level 6.7 Long Blades
 + Level 5.8 Armour
 - Level 2.4 Dodging
 - Level 1.5 Stealth


You had 7 spell levels left.
You didn't know any spells.

Dungeon Overview and Level Annotations

Branches:
Dungeon (6/15)
 Temple: D:4-7

Altars:
Ashenzari
Fedhas
Hepliaklqana
Uskayaw
The Shining One

Shops:
D:4 *[**   D:5 (


Innate Abilities, Weirdness & Mutations

You do not eat or drink.
Your flesh is vulnerable to fire.
You are immune to poison.
Your flesh is cold resistant. (rC+)
You are immune to negative energy. (rN+++)
You are immune to unholy pain and torment.
You can survive without breathing.


Message History

The gnoll hits you with a spear!
* * * LOW HITPOINT WARNING * * *
The iguana bites you.
* * * LOW HITPOINT WARNING * * *
The phantom hits you but does no damage.
The gnoll hits you with a spear.
* * * LOW HITPOINT WARNING * * *
The iguana barely misses you.
You see here a club.
You can't drink.
Okay, then.
Okay, then.
Evoke which item? (* to show all) (? for menu, Esc to quit)
Zapping:
q - a wand of paralysis (16/24)
Press: ? - help, Shift-Dir - straight line, f - iguana
Aim: an iguana (chance to defeat MR: 54%)
The iguana resists with significant effort.
This wand has 15 charges left.
The gnoll hits you but does no damage. The iguana bites you!
You die...

#..................
##############.#)..
##.............
##.........###.#
#####..........##..#
#...#..........##.##
#..............#..#.
######...#............##.
##......g@....!......####.
##.......Wl#..........# ##
#........).##........## #.
#..........#..........# ##.
#.........##..........# #..
#..<......##..........###.#
#.........##..............#
##...........[.........####
#.........###....).........


You could see a phantom, an iguana and a gnoll.

Vanquished Creatures
  A necrophage (D:5)
  2 ogres (D:5)
  A bullfrog (D:6)
  3 scorpions
  A water moccasin skeleton (D:4)
  A howler monkey (D:6)
  A jelly (D:5)
  A crimson imp (D:5)
  4 hounds
  An orc priest (D:5)
  3 orc wizards
  3 bullfrog skeletons
  2 centaur skeletons (D:6)
  3 worker ants
  A hound zombie (D:6)
  2 hound skeletons
  2 gnolls (D:5)
  2 worker ant zombies (D:6)
  8 adders
  A shadow imp (D:5)
  An ooze (D:1)
  An adder skeleton (D:6)
  5 worms
  6 leopard geckos
  18 orcs
  2 ball pythons
  A giant cockroach (D:2)
  11 goblins
  12 hobgoblins
  8 jackals
  2 quokkas
  10 bats
  8 frilled lizards
  A jackal skeleton (D:5)
  A jackal zombie (D:5)
  7 kobolds
  10 rats
147 creatures vanquished.

Notes
Turn   | Place    | Note
-------+----------+-------------------------------------------
     0 | D:1      | Jerry the Mummy Monk began the quest for the Orb.
     0 | D:1      | Reached XP level 1. HP: 18/18 MP: 1/1
   193 | D:1      | Reached XP level 2. HP: 23/24 MP: 2/2
   518 | D:1      | Reached skill level 3 in Long Blades
   725 | D:1      | Reached skill level 1 in Armour
   884 | D:2      | Reached XP level 3. HP: 28/29 MP: 3/3
  1081 | D:2      | Found a blossoming altar of Fedhas.
  1327 | D:2      | Found a hide-covered altar of Uskayaw.
  2115 | D:2      | Reached XP level 4. HP: 21/35 MP: 4/4
  3294 | D:3      | Noticed a phantom
  3345 | D:4      | Found Jucsu's Armour Shoppe.
  3397 | D:4      | Found Vieg's Assorted Antiques.
  3408 | D:4      | Bought a scroll labeled OCU JUNI YMY for 33 gold pieces
  3408 | D:4      | Bought a scroll labeled NYNIZX GARUXKI for 33 gold pieces
  3408 | D:4      | Bought a scroll labeled SEENATH DIDULA for 33 gold pieces
  3420 | D:4      | Found Toeck's General Store.
  3452 | D:4      | Reached XP level 5. HP: 25/41 MP: 5/5
  3582 | D:4      | Found a glowing golden altar of the Shining One.
  3582 | D:4      | Found a hazy altar of Hepliaklqana.
  3599 | D:4      | Reached skill level 4 in Long Blades
  3721 | D:4      | Found Udotu's Assorted Antiques.
  4036 | D:4      | Reached XP level 6. HP: 23/47 MP: 6/6
  4516 | D:5      | Entered Level 5 of the Dungeon
  4758 | D:5      | Reached skill level 5 in Long Blades
  5382 | D:5      | Reached XP level 7. HP: 40/52 MP: 7/7
  6271 | D:5      | Found Joazumah's Weapon Boutique.
  6533 | D:6      | Reached skill level 5 in Armour
  6546 | D:6      | Reached skill level 6 in Long Blades
  6740 | D:6      | Reached XP level 8. HP: 46/58 MP: 8/8
  7033 | D:6      | Found a shattered altar of Ashenzari.
  8091 | D:5      | Slain by an iguana

Skill      XL: |  1  2  3  4  5  6  7 |
---------------+----------------------+-----
Long Blades    | 3 4 5 6 |  6.7
Armour         | 1 2 3 4 5 |  5.8
Fighting       | |  3.0
Dodging        | |  2.4
Stealth        | |  1.5

Action                   |  1- 3 |  4- 6 |  7- 9 || total
-------------------------+-------+-------+-------++-------
Melee: Falchion          |   141 |   279 |   386 ||   806
Evoke: Wand              |       |       |     4 ||     4
  Use: Scroll            |       |     1 |    11 ||    12
 Stab: Sleeping          |     3 |     1 |       ||     4
       Distracted        |       |     1 |       ||     1
       Paralysed         |       |       |    11 ||    11
Armor: Robe              |     3 |       |       ||     3
       Leather armour    |    37 |    17 |       ||    54
       Ring mail         |       |    46 |       ||    46
       Scale mail        |       |    44 |   165 ||   209
Dodge: Dodged            |    83 |   183 |   212 ||   478
       Rpst.: Falchion   |    24 |    56 |    62 ||   142
